 Dungeon Crawl Stone Soup version 0.26-a0-812-g31a745ddcd (webtiles) character file.

Game seed: 8907132102309847620

55 kae the Insei (level 3, -6/20 HPs)
             Began as a Tengu Transmuter on Nov 17, 2020.
             Killed by divine providence
             ... invoked by an orc priest
              (12 damage)
             ... on level 3 of the Dungeon.
             The game lasted 00:00:43 (1784 turns).

kae the Insei (Tengu Transmuter)                    Turns: 1784, Time: 00:00:44

Health: -6/20      AC:  2    Str: 11    XL:     3   Next: 93%
Magic:  7/7        EV: 12    Int: 13    God:
Gold:   72         SH:  0    Dex: 14    Spells: 5/6 levels left

rFire    . . .     SeeInvis .     - Unarmed
rCold    . . .     Faith    .   (no shield)
rNeg     . . .     Spirit   .   a - +0 robe
rPois    .         Reflect  .   (helmet restricted)
rElec    .         Harm     .   (no cloak)
rCorr    .         Rampage  .   (no gloves)
MR       .....                  (boots unavailable)
Stlth    +.........             (no amulet)
HPRegen  0.06/turn              (no ring)
MPRegen  0.10/turn              (no ring)

@: no status effects
A: beak, talons 3
a: no special abilities


You were on level 3 of the Dungeon.
You visited 1 branch of the dungeon, and saw 3 of its levels.

You collected 72 gold pieces.

Inventory:

Armour
 a - a +0 robe (worn)
Scrolls
 d - a scroll of teleportation {unknown}
 f - a scroll of remove curse {unknown}
Potions
 b - a potion of heal wounds {unknown}
 c - a potion of curing {unknown}
 e - a potion of cancellation {unknown}


   Skills:
 - Level 1.0 Fighting
 - Level 2.1 Dodging
 + Level 4.0 Unarmed Combat
 - Level 2.0 Spellcasting
 * Level 2.9 Transmutations


You had 5 spell levels left.
You knew the following spells:

 Your Spells              Type           Power        Failure   Level
a - Beastly Appendage     Tmut           #.....       8%          1

Your spell library contained the following spells:

 Spells                   Type           Power        Failure   Level
 Wereblood                Tmut           #.......     12%         2
 Spider Form              Tmut/Pois      #.........   38%         3
 Ice Form                 Ice/Tmut       #.......     80%         4
 Blade Hands              Tmut           #.........   91%         5


Dungeon Overview and Level Annotations

Branches:
Dungeon (2/15)

Altars:


Innate Abilities, Weirdness & Mutations

You have a beak for a mouth.
You have claws for feet.


Message History

The orc shouts!
The bat barely misses you. The bat hits you.
A goblin comes into view. It is wielding a +0 club.
The orc barely misses you.
There are monsters nearby!
You hit the orc but do no damage. Your kick misses the orc. You peck the orc.
The orc is severely wounded.
The bat hits you but does no damage. The orc closely misses you.
You barely miss the orc. Your peck misses the orc.
The orc is severely wounded.
The bat hits you but does no damage. The orc barely misses you.
You see here an orc corpse.
The orc priest mumbles some strange prayers to Beogh against you.
Beogh smites you!
Ouch! That really hurt!
* * * LOW HITPOINT WARNING * * *
The orc priest calls down the wrath of Beogh upon you.
Beogh smites you!
Ouch! That really hurt!
You die...

##..# .$..
..####.b#
#....oo#
#o# #.# #†#
#o# #@# #.#
##.##
#...#######
###
#.#.......#
#..
#...#####.#
#.# #####
#.# #.# #.#
#.# #.#


You could see 2 orc priests, 2 orcs and a bat.

Vanquished Creatures
  An adder zombie (D:1)
  A worm (D:2)
  A dart slug (D:1)
  A leopard gecko (D:1)
  2 orcs (D:3)
  10 bats
  A giant cockroach (D:1)
  5 goblins
  3 hobgoblins (D:1)
  4 jackals (D:1)
  A kobold (D:2)
  2 frilled lizards (D:2)
  A leopard gecko zombie (D:1)
  10 rats
43 creatures vanquished.

Notes
Turn   | Place    | Note
-------+----------+-------------------------------------------
     0 | D:1      | kae the Tengu Transmuter began the quest for the Orb.
     0 | D:1      | Reached XP level 1. HP: 12/12 MP: 4/4
   121 | D:1      | Reached XP level 2. HP: 11/16 MP: 4/6
   579 | D:1      | Reached XP level 3. HP: 14/20 MP: 5/7
  1707 | D:2      | You fall into a shaft and drop 1 floor!
  1758 | D:3      | Reached skill level 4 in Unarmed Combat
  1784 | D:3      | Killed from afar by an orc priest

Illustrated notes

Levels and vault maps discovered:
D:1:      saegor_arrival_fortress, layout_basic, chequers_serial_rivers_room_a,
          st_stairs_4
D:2:      layout_basic
D:3:      layout_loops_ring, lemuel_blue_sif_altar,
          chequers_serial_rivers_large_b, tso_altar

Skill      XL: |  1  2  3 |
---------------+----------+-----
Transmutations | 2 |  2.9
Unarmed Combat | 4 |  4.0
Fighting       | |  1.0
Dodging        | |  2.1
Spellcasting   | |  2.0

Action                   || total
-------------------------++-------
Melee: Unarmed           ||    87
       Kick              ||    21
       Peck              ||    13
       Headbutt          ||     8
       Punch             ||     1
 Cast: Beastly Appendage ||    22
  Use: Scroll            ||     2
Armor: Robe              ||    23
Dodge: Dodged            ||    64

Table legend: (Time is in decaauts)
 A = Elapsed time spent in this place.
 B = Non-inter-level travel time spent in this place.
 C = Inter-level travel time spent in this place.
 D = Time resting spent in this place.
 E = Time spent auto-exploring this place.
 F = Levels seen in this place.
 G = Mean time per level.
                   A        B        C        D        E       F      G
               +--------+--------+--------+--------+--------+-----+--------+
         Total |   1778 |   1753 |     25 |      0 |   1494 |   3 |  592.7 |
       Dungeon |   1778 |   1753 |     25 |      0 |   1494 |   3 |  592.7 |
               +--------+--------+--------+--------+--------+-----+--------+

Top non-repeatable levels by time:
     D:1: 1282 daAuts
     D:2: 419 daAuts
     D:3: 76 daAuts
